Punishers vs Mustangs

Created - January 3, 2021 at 22:21

Goals
1 2 3 T
Punishers 0 3 2 5
Mustangs 2 0 0 2
Shots
1 2 3 T
Punishers 15 13 11 39
Mustangs 9 12 17 38

1st period

1. Mustangs , Jonathan Drouin 14 (Mark Stone 6, Melker Karlsson 25) at 14:17
2. Mustangs , Craig Smith 9 (Melker Karlsson 26, Will Butcher 27) at 14:40 (PP)

Penalties :
Josh Jooris (Ham) for Hooking (Minor) at 3:57, Adam Pelech (Pro) for High sticking (Minor) at 14:20

2nd period

3. Punishers , John Quenneville 4 (Carter Ashton 7, Nikita Gusev 5) at 3:52
4. Punishers , Anton Blidh 5 (Austen Brassard 8, Ben Betker 9) at 9:36
5. Punishers , Daniel Audette 6 (Adam Pelech 18, Anton Blidh 5) at 16:52

Penalties :
Antti Suomela (Ham) for Hooking (Minor) at 1:32, Chrstian Dvorak (Ham) for Hooking (Minor) at 11:23, John Quenneville (Pro) for Goalie Interference (Minor) at 18:53

3rd period

6. Punishers , Carter Ashton 8 (John Quenneville 6, Nikita Gusev 6) at 1:24
7. Punishers , Austen Brassard 10 (Daniel Audette 5) at 5:13

Penalties :
Melker Karlsson (Ham) for Interference (Minor) at 2:17, Mattias Tedenby (Pro) for Interference (Minor) at 9:36, Niko Mikkola (Pro) for Holding (Minor) at 15:52, Andrew O'Brien (Ham) for Holding (Minor) at 17:57

Goalie Stats

Louis Domingue (Pro), 36 saves from 38 shots - (0.947), W, 14-9-0, 60:00 minutes
Connor Hellebyuk (Ham), 34 saves from 39 shots - (0.872), L, 8-11-1, 60:00 minutes

Players Stats for Punishers

Player Name              G  A  P  +/- PIM S  H  SB GA TA FO     MP     PP MP  PK MP  
------------------------------------------------------------------------------------
Adam Pelech              0  1  1   2  2   2  0  3  0  1  0/0    28:31   5:53   4:18 
Alex Schoenborn          0  0  0   0  0   0  0  0  0  0  0/0     0:23   0:16   0:00 
Andreas Athanasiou       0  0  0  -1  0   2  1  0  1  0  0/0    21:49   4:43   1:54 
Anton Blidh              1  1  2   3  0   4  0  0  2  0  0/0     6:46   0:00   0:00 
Austen Brassard          1  1  2   3  0   2  0  0  0  0  0/1     6:46   0:00   0:00 
Austin Wagner            0  0  0   0  0   0  0  0  0  0  0/0     0:11   0:00   0:10 
Ben Betker               0  1  1   2  0   2  1  0  0  0  0/0    18:19   4:02   1:39 
Brett Kulak              0  0  0   2  0   1  1  1  0  1  0/0    18:19   4:02   1:39 
Carter Ashton            1  1  2   2  0   3  1  0  0  1  0/0     9:51   0:00   0:00 
Connor Clifton           0  0  0   1  0   0  1  2  0  0  0/0     8:51   0:00   1:06 
Daniel Audette           1  1  2   3  0   2  1  1  0  0  0/2     6:46   0:00   0:00 
Elias Lindholm           0  0  0   0  0   4  2  1  0  0  8/13   16:54   4:59   0:00 
Fredrik Claesson         0  0  0   1  0   1  0  3  0  1  0/0    23:04   4:13   0:00 
Gabriel Gagne            0  0  0   0  0   0  0  0  0  0  0/0     1:49   0:00   1:44 
John Quenneville         1  1  2   2  2   2  2  0  0  0  3/5     9:55   0:00   0:00 
Madison Bowey            0  0  0  -1  0   0  1  1  0  0  0/0     5:17   0:47   0:20 
Mattias Tedenby          0  0  0   0  2   3  1  1  2  0  0/1    19:41   4:59   2:48 
Michael Joly             0  0  0   0  0   0  0  0  0  0  0/0     0:32   0:25   0:00 
Miikka Salomaki          0  0  0  -1  0   4  2  2  1  1  5/14   24:20   4:44   4:29 
Nicolas Roy              0  0  0   0  0   0  0  0  0  0  0/0     0:00   0:00   0:00 
Nikita Gusev             0  2  2   2  0   0  0  1  0  0  0/2     9:51   0:00   0:00 
Niko Mikkola             0  0  0   0  2   0  0  0  0  0  0/0     6:06   0:00   0:00 
Noah Juulsen             0  0  0   1  0   0  0  0  0  1  0/0    11:32   0:53   3:32 
Radek Faksa              0  0  0  -1  0   2  2  0  0  0  19/39  21:12   4:40   1:29 
Tyler Bertuzzi           0  0  0   0  0   5  1  1  1  0  0/0    16:54   4:59   0:00 

Players Stats for Mustangs

Player Name              G  A  P  +/- PIM S  H  SB GA TA FO     MP     PP MP  PK MP  
------------------------------------------------------------------------------------
Andrew O'Brien           0  0  0   0  2   2  0  1  0  0  0/0    18:44   2:12   3:22 
Anthony Beauvillier      0  0  0  -1  0   0  0  0  0  0  0/0     8:47   0:00   2:00 
Antti Suomela            0  0  0  -1  2   0  0  0  0  0  3/5     6:55   0:00   0:07 
Chrstian Dvorak          0  0  0  -1  2   1  1  0  0  0  0/0    14:02   2:34   0:00 
Craig Smith              1  0  1  -1  0   5  1  0  0  0  2/7    16:39   3:43   4:55 
Curtis Hamilton          0  0  0  -3  0   2  1  0  0  0  0/1    12:25   0:00   2:53 
Dakota Mermis            0  0  0  -4  0   0  0  1  0  0  0/0    11:27   0:00   0:00 
Henrik Samuelsson        0  0  0  -1  0   7  2  0  0  0  7/14   15:11   2:34   1:09 
Iven Barbashev           0  0  0  -3  0   1  0  1  0  0  1/2     9:31   0:00   0:00 
Jonathan Drouin          1  0  1   1  0   7  1  0  0  0  2/4    19:43   3:43   0:07 
Josh Jooris              0  0  0  -1  2   2  0  1  0  0  2/2    16:05   2:34   1:56 
Kurt Sauer               0  0  0   0  0   0  1  1  1  0  0/0    19:41   2:12   4:18 
Mark Stone               0  1  1   1  0   2  0  1  1  1  1/2    17:28   0:00   2:40 
Matthew Finn             0  0  0  -4  0   0  0  0  0  0  0/0    12:23   0:00   0:56 
Melker Karlsson          0  2  2   1  2   5  2  1  1  2  23/39  23:44   3:43   4:03 
Nick Schmaltz            0  0  0  -3  0   0  1  0  1  0  1/1     9:31   0:00   0:00 
Scott Mayfield           0  0  0   0  0   0  3  0  0  1  0/0    28:52   4:05   5:37 
Will Butcher             0  1  1   0  0   4  1  1  2  3  0/0    28:52   4:05   5:37 

3 Stars

1 - Daniel Audette (Pro)
2 - Austen Brassard (Pro)
3 - Anton Blidh (Pro)

Power Play

Punishers - 0 on 5 Attempt(s) - 0.00%
Mustangs - 1 on 4 Attempt(s) - 25.00%

Penalty Kill

Punishers - 3 on 4 Attempt(s) - 75.00% - Score 0 goal in Penalty Kill
Mustangs - 5 on 5 Attempt(s) - 100.00% - Score 0 goal in Penalty Kill

Team Stat

Punishers - Hits : 17 - Faceoff Wins : 35 - Blocked Shots : 17 - Penalty Minutes : 8
Mustangs - Hits : 14 - Faceoff Wins : 42 - Blocked Shots : 8 - Penalty Minutes : 10

Official

Referees : Unknown
Linesman : Unknown

Game Notes

Madison Bowey is injured at 14:48 of 1st period (Back)

Finance

Level 1 -- Attendance: 1366 (68.30%) -- Ticket Income $54,640
Level 2 -- Attendance: 651 (65.10%) -- Ticket Income $13,020
Total Attendance: 2017 (67.23%)
Total Ticket Income: $67,660
Other Income: $3,383
Total Income: $71,043

Punishers

5 vs 5 Forward 
   Center                   Left Wing                Right Wing               Time % Phy DF OF 
 1 Radek Faksa              Andreas Athanasiou       Miikka Salomaki          40     1   2  2  
 2 Elias Lindholm           Tyler Bertuzzi           Mattias Tedenby          30     1   2  2  
 3 John Quenneville         Nikita Gusev             Carter Ashton            20     1   2  2  
 4 Daniel Audette           Anton Blidh              Austen Brassard          10     1   2  2  

5 vs 5 Defense 
   Defense                  Defense                                           Time % Phy DF OF 
 1 Adam Pelech              Madison Bowey                                     40     1   2  2  
 2 Brett Kulak              Ben Betker                                        30     1   2  2  
 3 Fredrik Claesson         Noah Juulsen                                      20     1   2  2  
 4 Connor Clifton           Niko Mikkola                                      10     1   2  2  

PowerPlay Forward 
   Center                   Left Wing                Right Wing               Time % Phy DF OF 
 1 Radek Faksa              Andreas Athanasiou       Miikka Salomaki          60     1   2  2  
 2 Elias Lindholm           Tyler Bertuzzi           Mattias Tedenby          40     1   2  2  

PowerPlay Defense
   Defense                  Defense                                           Time % Phy DF OF 
 1 Adam Pelech              Madison Bowey                                     60     1   2  2  
 2 Brett Kulak              Ben Betker                                        40     1   2  2  

Penalty Kill 4 Players Forward 
   Center                   Wing                     Time % Phy DF OF 
 1 Miikka Salomaki          Mattias Tedenby          60     1   2  2  
 2 Andreas Athanasiou       Radek Faksa              40     1   2  2  

Penalty Kill 4 Players Defense
   Defense                  Defense                  Time % Phy DF OF 
 1 Adam Pelech              Madison Bowey            60     1   2  2  
 2 Brett Kulak              Ben Betker               40     1   2  2  

Penalty Kill - 3 Players Forward 
   Forward                                           Time % Phy DF OF 
 1 Miikka Salomaki                                   60     1   2  2  
 2 Mattias Tedenby                                   40     1   2  2  

Penalty Kill - 3 Players Defense
   Defense                  Defense                  Time % Phy DF OF 
 1 Adam Pelech              Madison Bowey            60     1   2  2  
 2 Brett Kulak              Ben Betker               40     1   2  2  

4 vs 4 Forward 
   Center                   Wing                     Time % Phy DF OF 
 1 Miikka Salomaki          Mattias Tedenby          60     1   2  2  
 2 Andreas Athanasiou       Radek Faksa              40     1   2  2  

4 vs 4 Defense
   Defense                  Defense                  Time % Phy DF OF 
 1 Adam Pelech              Madison Bowey            60     1   2  2  
 2 Brett Kulak              Ben Betker               40     1   2  2  

Last Minutes Offensive
   Center                   Left Wing                Right Wing               Defense                  Defense                  
   Radek Faksa              Andreas Athanasiou       Miikka Salomaki          Adam Pelech              Madison Bowey            

Last Minutes Defensive
   Center                   Left Wing                Right Wing               Defense                  Defense                  
   Radek Faksa              Andreas Athanasiou       Miikka Salomaki          Adam Pelech              Madison Bowey            

Goaltenders
Starting : Louis Domingue           
Backup : Daniel Altshuller        

Extra Forwards
Normal : Michael Joly, Alex Schoenborn, Gabriel Gagne - PP : Michael Joly, Alex Schoenborn - PK : Gabriel Gagne
Extra Defensemen
Normal : Fredrik Claesson, Noah Juulsen, Connor Clifton - PP : Fredrik Claesson - PK : Noah Juulsen, Connor Clifton
Penalty Shots
Miikka Salomaki, Mattias Tedenby, Andreas Athanasiou, Radek Faksa, Elias Lindholm

Scratches
Joseph Cramarossa (Healthy)

Mustangs

5 vs 5 Forward 
   Center                   Left Wing                Right Wing               Time % Phy DF OF 
 1 Melker Karlsson          Jonathan Drouin          Mark Stone               40     1   2  2  
 2 Henrik Samuelsson        Chrstian Dvorak          Josh Jooris              30     1   2  2  
 3 Iven Barbashev           Curtis Hamilton          Nick Schmaltz            20     1   2  2  
 4 Antti Suomela            Anthony Beauvillier      Craig Smith              10     1   2  2  

5 vs 5 Defense 
   Defense                  Defense                                           Time % Phy DF OF 
 1 Scott Mayfield           Will Butcher                                      40     1   2  2  
 2 Kurt Sauer               Andrew O'Brien                                    30     1   2  2  
 3 Dakota Mermis            Matthew Finn                                      20     1   2  2  
 4 Scott Mayfield           Will Butcher                                      10     1   2  2  

PowerPlay Forward 
   Center                   Left Wing                Right Wing               Time % Phy DF OF 
 1 Melker Karlsson          Jonathan Drouin          Craig Smith              60     1   2  2  
 2 Henrik Samuelsson        Chrstian Dvorak          Josh Jooris              40     1   2  2  

PowerPlay Defense
   Defense                  Defense                                           Time % Phy DF OF 
 1 Scott Mayfield           Will Butcher                                      60     1   2  2  
 2 Kurt Sauer               Andrew O'Brien                                    40     1   2  2  

Penalty Kill 4 Players Forward 
   Center                   Wing                     Time % Phy DF OF 
 1 Craig Smith              Melker Karlsson          60     1   2  2  
 2 Josh Jooris              Mark Stone               40     1   2  2  

Penalty Kill 4 Players Defense
   Defense                  Defense                  Time % Phy DF OF 
 1 Scott Mayfield           Will Butcher             60     1   2  2  
 2 Kurt Sauer               Andrew O'Brien           40     1   2  2  

Penalty Kill - 3 Players Forward 
   Forward                                           Time % Phy DF OF 
 1 Craig Smith                                       60     1   2  2  
 2 Melker Karlsson                                   40     1   2  2  

Penalty Kill - 3 Players Defense
   Defense                  Defense                  Time % Phy DF OF 
 1 Scott Mayfield           Will Butcher             60     1   2  2  
 2 Kurt Sauer               Andrew O'Brien           40     1   2  2  

4 vs 4 Forward 
   Center                   Wing                     Time % Phy DF OF 
 1 Craig Smith              Melker Karlsson          60     1   2  2  
 2 Josh Jooris              Mark Stone               40     1   2  2  

4 vs 4 Defense
   Defense                  Defense                  Time % Phy DF OF 
 1 Scott Mayfield           Will Butcher             60     1   2  2  
 2 Kurt Sauer               Andrew O'Brien           40     1   2  2  

Last Minutes Offensive
   Center                   Left Wing                Right Wing               Defense                  Defense                  
   Melker Karlsson          Jonathan Drouin          Craig Smith              Scott Mayfield           Will Butcher             

Last Minutes Defensive
   Center                   Left Wing                Right Wing               Defense                  Defense                  
   Melker Karlsson          Jonathan Drouin          Craig Smith              Scott Mayfield           Will Butcher             

Goaltenders
Starting : Connor Hellebyuk         
Backup : Anthony Stolarz          

Extra Forwards
Normal : Nick Schmaltz, Iven Barbashev, Curtis Hamilton - PP : Nick Schmaltz, Iven Barbashev - PK : Curtis Hamilton
Extra Defensemen
Normal : Dakota Mermis, Matthew Finn, Scott Mayfield - PP : Dakota Mermis - PK : Matthew Finn, Scott Mayfield
Penalty Shots
Craig Smith, Melker Karlsson, Josh Jooris, Mark Stone, Jonathan Drouin

Scratches
Denis Malgin (Healthy), Jordan Schmaltz (Healthy), Danny Biega (Healthy), Raphael Bussieres (Healthy), Sam Kurker (Healthy)
Max Gortz (Healthy), Josh Ho-Sang (Healthy), Brett Pollock (Healthy), Steven Spinner (Healthy), Jason Missiaen (Healthy)

% Time on Ice - Punishers

Lines # - Real PCT - Wanted PCT - Time Play
Normal Forward
1 - 35% - 40% - 15:16
2 - 27% - 30% - 11:55
3 - 22% - 20% - 9:51
4 - 15% - 10% - 6:46
Normal Defense
1 - 42% - 40% - 18:21
2 - 29% - 30% - 12:38
3 - 15% - 20% - 6:43
4 - 14% - 10% - 6:06
PP Forward
1 - 50% - 60% - 4:56
2 - 50% - 40% - 4:59
PP Defense
1 - 59% - 60% - 5:53
2 - 41% - 40% - 4:02
PK Forward
1 - 86% - 60% - 5:25
2 - 14% - 40% - 0:52
PK Defense
1 - 74% - 60% - 4:38
2 - 26% - 40% - 1:39
PK3 Forward
1 - 0% - 60%
2 - 0% - 40%
PK3 Defense
1 - 0% - 60%
2 - 0% - 40%
44 Forward
1 - 0% - 60%
2 - 0% - 40%
44 Defense
1 - 0% - 60%
2 - 0% - 40%
Last Minute Offensive  - 0:00
Last Minute Defensive  - 0:00
Total
Forward - 60:00
Defense - 60:00

% Time on Ice - Mustangs

Lines # - Real PCT - Wanted PCT - Time Play
Normal Forward
1 - 36% - 40% - 15:59
2 - 26% - 30% - 11:36
3 - 22% - 20% - 9:31
4 - 15% - 10% - 6:42
Normal Defense
1 - 41% - 40% - 18:05
2 - 30% - 30% - 13:11
3 - 26% - 20% - 11:27
4 - 2% - 10% - 1:05
PP Forward
1 - 59% - 60% - 3:43
2 - 41% - 40% - 2:34
PP Defense
1 - 65% - 60% - 4:05
2 - 35% - 40% - 2:12
PK Forward
1 - 73% - 60% - 7:15
2 - 27% - 40% - 2:40
PK Defense
1 - 57% - 60% - 5:37
2 - 43% - 40% - 4:18
PK3 Forward
1 - 0% - 60%
2 - 0% - 40%
PK3 Defense
1 - 0% - 60%
2 - 0% - 40%
44 Forward
1 - 0% - 60%
2 - 0% - 40%
44 Defense
1 - 0% - 60%
2 - 0% - 40%
Last Minute Offensive  - 0:00
Last Minute Defensive  - 0:00
Total
Forward - 60:00
Defense - 60:00

Play-by-Play

1st period


0:01 of 1st period - Melker Karlsson wins face-off versus Radek Faksa in neutral zone.
0:26 of 1st period - Adam Pelech is hit by Henrik Samuelsson and loses puck.
1:05 of 1st period - Off-side.
1:06 of 1st period - John Quenneville wins face-off versus Iven Barbashev in neutral zone.
1:19 of 1st period - Slapshot by John Quenneville.
1:19 of 1st period - Shot Misses the Net.
1:21 of 1st period - Slapshot by Fredrik Claesson.
1:21 of 1st period - Deflect By Kurt Sauer.
1:21 of 1st period - Stopped by Connor Hellebyuk with a rebound.
1:33 of 1st period - Wrist shot by Miikka Salomaki.
1:33 of 1st period - Deflect By Andreas Athanasiou.
1:33 of 1st period - Stopped by Connor Hellebyuk without a rebound.
1:34 of 1st period - Radek Faksa wins face-off versus Melker Karlsson in Mustangs zone.
2:09 of 1st period - Slapshot by Dakota Mermis.
2:09 of 1st period - Shot Misses the Net.
2:25 of 1st period - Snap shot by Henrik Samuelsson.
2:25 of 1st period - Shot Misses the Net.
2:27 of 1st period - Wrist shot by Chrstian Dvorak.
2:27 of 1st period - Shot Misses the Net.
2:29 of 1st period - Wrist shot by Chrstian Dvorak.
2:29 of 1st period - Shot Blocked by Connor Clifton.
2:47 of 1st period - Wrist shot by Tyler Bertuzzi.
2:47 of 1st period - Stopped by Connor Hellebyuk with a rebound.
2:51 of 1st period - Slapshot by Mattias Tedenby.
2:51 of 1st period - Stopped by Connor Hellebyuk without a rebound.
2:52 of 1st period - Radek Faksa wins face-off versus Jonathan Drouin in Mustangs zone.
3:43 of 1st period - Snap shot by Henrik Samuelsson.
3:43 of 1st period - Stopped by Louis Domingue with a rebound.
3:51 of 1st period - Wrist shot by John Quenneville.
3:51 of 1st period - Shot Misses the Net.
3:57 of 1st period - Minor Penalty to Josh Jooris for Hooking.
3:58 of 1st period - Elias Lindholm wins face-off versus Craig Smith in Mustangs zone.
5:33 of 1st period - Andrew O'Brien is hit by Tyler Bertuzzi and loses puck.
5:45 of 1st period - Icing by Madison Bowey.
5:46 of 1st period - Miikka Salomaki wins face-off versus Craig Smith in Punishers zone.
5:57 of 1st period - Penalty to Josh Jooris is over, Josh Jooris is back on ice.
6:12 of 1st period - Matthew Finn is hit by John Quenneville and loses puck.
7:13 of 1st period - Slapshot by John Quenneville.
7:13 of 1st period - Stopped by Connor Hellebyuk without a rebound.
7:14 of 1st period - Henrik Samuelsson wins face-off versus Nikita Gusev in Mustangs zone.
7:27 of 1st period - Wrist shot by Henrik Samuelsson.
7:27 of 1st period - Shot Hit the Post.
7:29 of 1st period - Slapshot by Andrew O'Brien.
7:29 of 1st period - Deflect By Josh Jooris.
7:29 of 1st period - Shot Misses the Net.
7:29 of 1st period - Puck is out of play.
7:30 of 1st period - Melker Karlsson wins face-off versus Radek Faksa in Punishers zone.
7:31 of 1st period - Snap shot by Jonathan Drouin.
7:31 of 1st period - Stopped by Louis Domingue without a rebound.
7:32 of 1st period - Melker Karlsson wins face-off versus Miikka Salomaki in Punishers zone.
7:45 of 1st period - Melker Karlsson is hit by Andreas Athanasiou.
8:04 of 1st period - Snap shot by Brett Kulak.
8:04 of 1st period - Shot Misses the Net.
8:06 of 1st period - Snap shot by Ben Betker.
8:06 of 1st period - Stopped by Connor Hellebyuk with a rebound.
8:08 of 1st period - Slapshot by Brett Kulak.
8:08 of 1st period - Stopped by Connor Hellebyuk with a rebound.
8:10 of 1st period - Slapshot by Brett Kulak.
8:10 of 1st period - Deflect By Anton Blidh.
8:10 of 1st period - Stopped by Connor Hellebyuk without a rebound.
8:11 of 1st period - Melker Karlsson wins face-off versus Elias Lindholm in Mustangs zone.
8:11 of 1st period - Melker Karlsson is hit by Elias Lindholm.
8:17 of 1st period - Wrist shot by Kurt Sauer.
8:17 of 1st period - Deflect By Jonathan Drouin.
8:17 of 1st period - Stopped by Louis Domingue with a rebound.
8:37 of 1st period - Josh Jooris is hit by Madison Bowey and loses puck.
9:22 of 1st period - Snap shot by Curtis Hamilton.
9:22 of 1st period - Stopped by Louis Domingue with a rebound.
9:46 of 1st period - Wrist shot by Melker Karlsson.
9:46 of 1st period - Stopped by Louis Domingue with a rebound.
9:48 of 1st period - Wrist shot by Mark Stone.
9:48 of 1st period - Shot Blocked by Brett Kulak.
10:02 of 1st period - Slapshot by Miikka Salomaki.
10:02 of 1st period - Stopped by Connor Hellebyuk with a rebound.
10:04 of 1st period - Backhand shot by Radek Faksa.
10:04 of 1st period - Stopped by Connor Hellebyuk without a rebound.
10:05 of 1st period - Melker Karlsson wins face-off versus Radek Faksa in Mustangs zone.
10:38 of 1st period - Snap shot by Elias Lindholm.
10:38 of 1st period - Stopped by Connor Hellebyuk with a rebound.
10:40 of 1st period - Slapshot by Tyler Bertuzzi.
10:40 of 1st period - Stopped by Connor Hellebyuk with a rebound.
11:54 of 1st period - Icing by Mattias Tedenby.
11:55 of 1st period - Elias Lindholm wins face-off versus Henrik Samuelsson in Punishers zone.
12:19 of 1st period - Off-side.
12:20 of 1st period - Radek Faksa wins face-off versus Mark Stone in neutral zone.
12:49 of 1st period - Icing by Mattias Tedenby.
12:50 of 1st period - Melker Karlsson wins face-off versus Elias Lindholm in Punishers zone.
13:35 of 1st period - Snap shot by Tyler Bertuzzi.
13:35 of 1st period - Shot Blocked by Josh Jooris.
13:59 of 1st period - Wrist shot by Elias Lindholm.
13:59 of 1st period - Stopped by Connor Hellebyuk without a rebound.
14:00 of 1st period - Melker Karlsson wins face-off versus Radek Faksa in Mustangs zone.
14:05 of 1st period - Slapshot by Jonathan Drouin.
14:05 of 1st period - Shot Blocked by Adam Pelech.
14:07 of 1st period - Snap shot by Melker Karlsson.
14:07 of 1st period - Stopped by Louis Domingue without a rebound.
14:08 of 1st period - Melker Karlsson wins face-off versus Radek Faksa in Punishers zone.
14:17 of 1st period - Snap shot by Jonathan Drouin.
14:17 of 1st period - Goal by Jonathan Drouin - Punishers : 0 - Mustangs : 1.
14:18 of 1st period - Radek Faksa wins face-off versus Melker Karlsson in neutral zone.
14:20 of 1st period - Minor Penalty to Adam Pelech for High sticking.
14:21 of 1st period - Miikka Salomaki wins face-off versus Melker Karlsson in Punishers zone.
14:26 of 1st period - Icing by Craig Smith.
14:27 of 1st period - Miikka Salomaki wins face-off versus Melker Karlsson in Mustangs zone.
14:38 of 1st period - Snap shot by Melker Karlsson.
14:38 of 1st period - Stopped by Louis Domingue with a rebound.
14:40 of 1st period - Snap shot by Melker Karlsson.
14:40 of 1st period - Deflect By Craig Smith.
14:40 of 1st period - Goal by Craig Smith - Punishers : 0 - Mustangs : 2.
14:41 of 1st period - Melker Karlsson wins face-off versus Radek Faksa in neutral zone.
14:48 of 1st period - Wrist shot by Jonathan Drouin.
14:48 of 1st period - Shot Blocked by Madison Bowey.
14:48 of 1st period - Madison Bowey from Punishers is injured at 14:48 of 1st period (Back).
14:49 of 1st period - Radek Faksa wins face-off versus Melker Karlsson in Punishers zone.
15:15 of 1st period - Adam Pelech is hit by Nick Schmaltz and loses puck.
15:38 of 1st period - Snap shot by Elias Lindholm.
15:38 of 1st period - Shot Misses the Net.
15:40 of 1st period - Snap shot by Tyler Bertuzzi.
15:40 of 1st period - Shot Misses the Net.
15:42 of 1st period - Snap shot by Tyler Bertuzzi.
15:42 of 1st period - Shot Misses the Net.
15:44 of 1st period - Wrist shot by Tyler Bertuzzi.
15:44 of 1st period - Stopped by Connor Hellebyuk with a rebound.
16:40 of 1st period - Snap shot by Andreas Athanasiou.
16:40 of 1st period - Shot Misses the Net.
16:42 of 1st period - Slapshot by Brett Kulak.
16:42 of 1st period - Deflect By Radek Faksa.
16:42 of 1st period - Shot Blocked by Iven Barbashev.
16:42 of 1st period - Puck is out of play.
16:43 of 1st period - John Quenneville wins face-off versus Melker Karlsson in Mustangs zone.
16:56 of 1st period - Wrist shot by John Quenneville.
16:56 of 1st period - Shot Blocked by Andrew O'Brien.
17:10 of 1st period - Austen Brassard is hit by Kurt Sauer.
17:14 of 1st period - Slapshot by Brett Kulak.
17:14 of 1st period - Deflect By Austen Brassard.
17:14 of 1st period - Shot Blocked by Kurt Sauer.
17:14 of 1st period - Puck is out of play.
17:15 of 1st period - Nick Schmaltz wins face-off versus Daniel Audette in Mustangs zone.
17:15 of 1st period - Nick Schmaltz is hit by Daniel Audette.
17:33 of 1st period - Snap shot by Curtis Hamilton.
17:33 of 1st period - Shot Misses the Net.
18:16 of 1st period - Icing by Nick Schmaltz.
18:17 of 1st period - Iven Barbashev wins face-off versus Radek Faksa in Mustangs zone.
18:17 of 1st period - Iven Barbashev is hit by Radek Faksa.
18:51 of 1st period - Snap shot by Mattias Tedenby.
18:51 of 1st period - Shot Misses the Net.
18:53 of 1st period - Slapshot by Tyler Bertuzzi.
18:53 of 1st period - Deflect By Mattias Tedenby.
18:53 of 1st period - Stopped by Connor Hellebyuk without a rebound.
18:54 of 1st period - Radek Faksa wins face-off versus Henrik Samuelsson in Mustangs zone.
18:57 of 1st period - Snap shot by Miikka Salomaki.
18:57 of 1st period - Shot Misses the Net.
19:49 of 1st period - Melker Karlsson is hit by Carter Ashton and loses puck.
Goals for this period are 0 for Punishers vs 2 for Mustangs.
Shots for this period are 15 for Punishers vs 9 for Mustangs.

2nd period


0:01 of 2nd period - Melker Karlsson wins face-off versus Radek Faksa in neutral zone.
0:31 of 2nd period - Andrew O'Brien is hit by Elias Lindholm and loses puck.
1:10 of 2nd period - Off-side.
1:11 of 2nd period - Radek Faksa wins face-off versus Antti Suomela in neutral zone.
1:17 of 2nd period - Icing by Scott Mayfield.
1:18 of 2nd period - Radek Faksa wins face-off versus Antti Suomela in Mustangs zone.
1:32 of 2nd period - Minor Penalty to Antti Suomela for Hooking.
1:33 of 2nd period - Radek Faksa wins face-off versus Craig Smith in Mustangs zone.
1:35 of 2nd period - Snap shot by Andreas Athanasiou.
1:35 of 2nd period - Shot Blocked by Will Butcher.
1:37 of 2nd period - Backhand shot by Andreas Athanasiou.
1:37 of 2nd period - Shot Misses the Net.
1:39 of 2nd period - Wrist shot by Andreas Athanasiou.
1:39 of 2nd period - Shot Misses the Net.
1:41 of 2nd period - Snap shot by Fredrik Claesson.
1:41 of 2nd period - Shot Misses the Net.
2:01 of 2nd period - Off-side.
2:02 of 2nd period - Elias Lindholm wins face-off versus Craig Smith in neutral zone.
2:27 of 2nd period - Slapshot by Josh Jooris.
2:27 of 2nd period - Stopped by Louis Domingue with a rebound.
2:44 of 2nd period - Off-side.
2:45 of 2nd period - Craig Smith wins face-off versus Radek Faksa in neutral zone.
3:32 of 2nd period - Penalty to Antti Suomela is over, Antti Suomela is back on ice.
3:32 of 2nd period - Wrist shot by Andrew O'Brien.
3:32 of 2nd period - Stopped by Louis Domingue with a rebound.
3:52 of 2nd period - Snap shot by John Quenneville.
3:52 of 2nd period - Goal by John Quenneville - Punishers : 1 - Mustangs : 2.
3:53 of 2nd period - Radek Faksa wins face-off versus Melker Karlsson in neutral zone.
3:56 of 2nd period - Wrist shot by Miikka Salomaki.
3:56 of 2nd period - Stopped by Connor Hellebyuk with a rebound.
3:58 of 2nd period - Slapshot by Ben Betker.
3:58 of 2nd period - Deflect By Radek Faksa.
3:58 of 2nd period - Shot Misses the Net.
3:58 of 2nd period - Puck is out of play.
3:59 of 2nd period - Radek Faksa wins face-off versus Melker Karlsson in Mustangs zone.
4:00 of 2nd period - Snap shot by Miikka Salomaki.
4:00 of 2nd period - Shot Blocked by Melker Karlsson.
4:12 of 2nd period - Wrist shot by Miikka Salomaki.
4:12 of 2nd period - Deflect By Andreas Athanasiou.
4:12 of 2nd period - Shot Misses the Net.
4:12 of 2nd period - Puck is out of play.
4:13 of 2nd period - Melker Karlsson wins face-off versus Radek Faksa in Mustangs zone.
4:13 of 2nd period - Melker Karlsson is hit by Miikka Salomaki.
4:19 of 2nd period - Wrist shot by Jonathan Drouin.
4:19 of 2nd period - Shot Misses the Net.
5:01 of 2nd period - Slapshot by Craig Smith.
5:01 of 2nd period - Shot Misses the Net.
5:27 of 2nd period - Wrist shot by Iven Barbashev.
5:27 of 2nd period - Shot Blocked by Daniel Audette.
5:29 of 2nd period - Snap shot by Iven Barbashev.
5:29 of 2nd period - Stopped by Louis Domingue without a rebound.
5:30 of 2nd period - Radek Faksa wins face-off versus Melker Karlsson in Punishers zone.
6:30 of 2nd period - Andrew O'Brien is hit by Connor Clifton.
7:11 of 2nd period - Slapshot by Radek Faksa.
7:11 of 2nd period - Shot Blocked by Dakota Mermis.
7:13 of 2nd period - Snap shot by Andreas Athanasiou.
7:13 of 2nd period - Stopped by Connor Hellebyuk with a rebound.
7:15 of 2nd period - Snap shot by Andreas Athanasiou.
7:15 of 2nd period - Shot Misses the Net.
7:17 of 2nd period - Slapshot by Radek Faksa.
7:17 of 2nd period - Stopped by Connor Hellebyuk without a rebound.
7:18 of 2nd period - Elias Lindholm wins face-off versus Melker Karlsson in Mustangs zone.
7:51 of 2nd period - Snap shot by Carter Ashton.
7:51 of 2nd period - Stopped by Connor Hellebyuk with a rebound.
7:53 of 2nd period - Wrist shot by Carter Ashton.
7:53 of 2nd period - Shot Misses the Net.
8:07 of 2nd period - Snap shot by Austen Brassard.
8:07 of 2nd period - Stopped by Connor Hellebyuk with a rebound.
8:09 of 2nd period - Snap shot by Anton Blidh.
8:09 of 2nd period - Shot Misses the Net.
8:11 of 2nd period - Slapshot by Adam Pelech.
8:11 of 2nd period - Stopped by Connor Hellebyuk with a rebound.
8:13 of 2nd period - Snap shot by Adam Pelech.
8:13 of 2nd period - Shot Misses the Net.
9:10 of 2nd period - Wrist shot by Craig Smith.
9:10 of 2nd period - Stopped by Louis Domingue without a rebound.
9:11 of 2nd period - Antti Suomela wins face-off versus Austen Brassard in Punishers zone.
9:24 of 2nd period - Snap shot by Austen Brassard.
9:24 of 2nd period - Shot Misses the Net.
9:36 of 2nd period - Wrist shot by Anton Blidh.
9:36 of 2nd period - Goal by Anton Blidh - Punishers : 2 - Mustangs : 2.
9:37 of 2nd period - Radek Faksa wins face-off versus Melker Karlsson in neutral zone.
10:05 of 2nd period - Slapshot by Will Butcher.
10:05 of 2nd period - Shot Blocked by Elias Lindholm.
10:07 of 2nd period - Slapshot by Will Butcher.
10:07 of 2nd period - Stopped by Louis Domingue without a rebound.
10:08 of 2nd period - Elias Lindholm wins face-off versus Henrik Samuelsson in Punishers zone.
10:32 of 2nd period - Slapshot by Tyler Bertuzzi.
10:32 of 2nd period - Stopped by Connor Hellebyuk with a rebound.
10:34 of 2nd period - Wrist shot by Tyler Bertuzzi.
10:34 of 2nd period - Stopped by Connor Hellebyuk without a rebound.
10:35 of 2nd period - Melker Karlsson wins face-off versus Radek Faksa in Mustangs zone.
10:48 of 2nd period - Slapshot by Mark Stone.
10:48 of 2nd period - Shot Blocked by Adam Pelech.
10:54 of 2nd period - Andreas Athanasiou is hit by Melker Karlsson and loses puck.
11:20 of 2nd period - Off-side.
11:21 of 2nd period - Henrik Samuelsson wins face-off versus John Quenneville in neutral zone.
11:23 of 2nd period - Minor Penalty to Chrstian Dvorak for Hooking.
11:24 of 2nd period - Melker Karlsson wins face-off versus Mattias Tedenby in Mustangs zone.
11:38 of 2nd period - Will Butcher is hit by Mattias Tedenby and loses puck.
12:45 of 2nd period - Wrist shot by Josh Jooris.
12:45 of 2nd period - Shot Blocked by Miikka Salomaki.
12:47 of 2nd period - Slapshot by Mark Stone.
12:47 of 2nd period - Stopped by Louis Domingue without a rebound.
12:48 of 2nd period - Josh Jooris wins face-off versus Radek Faksa in Punishers zone.
13:23 of 2nd period - Penalty to Chrstian Dvorak is over, Chrstian Dvorak is back on ice.
13:33 of 2nd period - Wrist shot by Curtis Hamilton.
13:33 of 2nd period - Shot Blocked by Nikita Gusev.
13:46 of 2nd period - Brett Kulak is hit by Curtis Hamilton.
14:01 of 2nd period - Wrist shot by Iven Barbashev.
14:01 of 2nd period - Shot Misses the Net.
14:14 of 2nd period - Off-side.
14:15 of 2nd period - Radek Faksa wins face-off versus Melker Karlsson in neutral zone.
14:26 of 2nd period - Radek Faksa is hit by Jonathan Drouin and loses puck.
14:31 of 2nd period - Snap shot by Mark Stone.
14:31 of 2nd period - Stopped by Louis Domingue without a rebound.
14:32 of 2nd period - Elias Lindholm wins face-off versus Henrik Samuelsson in Punishers zone.
14:32 of 2nd period - Elias Lindholm is hit by Scott Mayfield.
14:44 of 2nd period - Wrist shot by Elias Lindholm.
14:44 of 2nd period - Stopped by Connor Hellebyuk with a rebound.
15:49 of 2nd period - Anthony Beauvillier is hit by John Quenneville.
16:32 of 2nd period - Snap shot by Melker Karlsson.
16:32 of 2nd period - Shot Misses the Net.
16:34 of 2nd period - Wrist shot by Dakota Mermis.
16:34 of 2nd period - Shot Misses the Net.
16:52 of 2nd period - Snap shot by Daniel Audette.
16:52 of 2nd period - Goal by Daniel Audette - Punishers : 3 - Mustangs : 2.
16:53 of 2nd period - Melker Karlsson wins face-off versus Radek Faksa in neutral zone.
17:18 of 2nd period - Elias Lindholm is hit by Chrstian Dvorak and loses puck.
17:27 of 2nd period - Snap shot by Elias Lindholm.
17:27 of 2nd period - Stopped by Connor Hellebyuk with a rebound.
17:37 of 2nd period - Wrist shot by Henrik Samuelsson.
17:37 of 2nd period - Stopped by Louis Domingue with a rebound.
17:39 of 2nd period - Snap shot by Iven Barbashev.
17:39 of 2nd period - Shot Blocked by Fredrik Claesson.
17:41 of 2nd period - Slapshot by Will Butcher.
17:41 of 2nd period - Shot Misses the Net.
17:43 of 2nd period - Slapshot by Will Butcher.
17:43 of 2nd period - Stopped by Louis Domingue with a rebound.
17:45 of 2nd period - Snap shot by Curtis Hamilton.
17:45 of 2nd period - Shot Blocked by Fredrik Claesson.
18:02 of 2nd period - Icing by Fredrik Claesson.
18:03 of 2nd period - Antti Suomela wins face-off versus Nikita Gusev in Punishers zone.
18:48 of 2nd period - Wrist shot by Craig Smith.
18:48 of 2nd period - Stopped by Louis Domingue with a rebound.
18:53 of 2nd period - Minor Penalty to John Quenneville for Goalie Interference.
18:54 of 2nd period - Miikka Salomaki wins face-off versus Henrik Samuelsson in Punishers zone.
19:06 of 2nd period - Wrist shot by Henrik Samuelsson.
19:06 of 2nd period - Stopped by Louis Domingue with a rebound.
19:08 of 2nd period - Snap shot by Chrstian Dvorak.
19:08 of 2nd period - Shot Blocked by Connor Clifton.
19:10 of 2nd period - Snap shot by Henrik Samuelsson.
19:10 of 2nd period - Stopped by Louis Domingue with a rebound.
19:24 of 2nd period - Snap shot by Will Butcher.
19:24 of 2nd period - Shot Blocked by Mattias Tedenby.
Goals for this period are 3 for Punishers vs 0 for Mustangs.
Shots for this period are 13 for Punishers vs 12 for Mustangs.

3rd period


0:01 of 3rd period - Melker Karlsson wins face-off versus Miikka Salomaki in neutral zone.
0:26 of 3rd period - Josh Jooris is hit by Miikka Salomaki and loses puck.
0:53 of 3rd period - Penalty to John Quenneville is over, John Quenneville is back on ice.
1:06 of 3rd period - Snap shot by Anton Blidh.
1:06 of 3rd period - Stopped by Connor Hellebyuk with a rebound.
1:08 of 3rd period - Slapshot by Ben Betker.
1:08 of 3rd period - Shot Misses the Net.
1:10 of 3rd period - Snap shot by Austen Brassard.
1:10 of 3rd period - Shot Misses the Net.
1:12 of 3rd period - Snap shot by Ben Betker.
1:12 of 3rd period - Deflect By Daniel Audette.
1:12 of 3rd period - Stopped by Connor Hellebyuk without a rebound.
1:13 of 3rd period - John Quenneville wins face-off versus Henrik Samuelsson in Mustangs zone.
1:22 of 3rd period - Snap shot by Carter Ashton.
1:22 of 3rd period - Stopped by Connor Hellebyuk with a rebound.
1:24 of 3rd period - Snap shot by Carter Ashton.
1:24 of 3rd period - Goal by Carter Ashton - Punishers : 4 - Mustangs : 2.
1:25 of 3rd period - Melker Karlsson wins face-off versus Radek Faksa in neutral zone.
1:32 of 3rd period - Wrist shot by Jonathan Drouin.
1:32 of 3rd period - Stopped by Louis Domingue without a rebound.
1:33 of 3rd period - Radek Faksa wins face-off versus Melker Karlsson in Punishers zone.
1:33 of 3rd period - Radek Faksa is hit by Melker Karlsson.
1:43 of 3rd period - Snap shot by Miikka Salomaki.
1:43 of 3rd period - Shot Misses the Net.
1:45 of 3rd period - Snap shot by Adam Pelech.
1:45 of 3rd period - Stopped by Connor Hellebyuk with a rebound.
1:47 of 3rd period - Slapshot by Fredrik Claesson.
1:47 of 3rd period - Deflect By Miikka Salomaki.
1:47 of 3rd period - Stopped by Connor Hellebyuk without a rebound.
1:48 of 3rd period - Henrik Samuelsson wins face-off versus Elias Lindholm in Mustangs zone.
1:53 of 3rd period - Snap shot by Will Butcher.
1:53 of 3rd period - Stopped by Louis Domingue with a rebound.
1:55 of 3rd period - Snap shot by Henrik Samuelsson.
1:55 of 3rd period - Shot Blocked by Tyler Bertuzzi.
1:57 of 3rd period - Snap shot by Henrik Samuelsson.
1:57 of 3rd period - Stopped by Louis Domingue without a rebound.
1:58 of 3rd period - Elias Lindholm wins face-off versus Henrik Samuelsson in Punishers zone.
2:02 of 3rd period - Off-side.
2:03 of 3rd period - Radek Faksa wins face-off versus Melker Karlsson in neutral zone.
2:17 of 3rd period - Minor Penalty to Melker Karlsson for Interference.
2:18 of 3rd period - Radek Faksa wins face-off versus Curtis Hamilton in Mustangs zone.
4:17 of 3rd period - Penalty to Melker Karlsson is over, Melker Karlsson is back on ice.
4:44 of 3rd period - Icing by Niko Mikkola.
4:45 of 3rd period - Henrik Samuelsson wins face-off versus John Quenneville in Punishers zone.
4:56 of 3rd period - Wrist shot by Jonathan Drouin.
4:56 of 3rd period - Stopped by Louis Domingue with a rebound.
5:13 of 3rd period - Snap shot by Austen Brassard.
5:13 of 3rd period - Goal by Austen Brassard - Punishers : 5 - Mustangs : 2.
5:14 of 3rd period - Radek Faksa wins face-off versus Jonathan Drouin in neutral zone.
5:17 of 3rd period - Jonathan Drouin is hit by Radek Faksa and loses puck.
5:24 of 3rd period - Wrist shot by Radek Faksa.
5:24 of 3rd period - Deflect By Mark Stone.
5:24 of 3rd period - Shot Blocked by Mark Stone.
5:24 of 3rd period - Puck is out of play.
5:25 of 3rd period - Melker Karlsson wins face-off versus Radek Faksa in Mustangs zone.
5:41 of 3rd period - Icing by Melker Karlsson.
5:42 of 3rd period - Elias Lindholm wins face-off versus Melker Karlsson in Mustangs zone.
6:28 of 3rd period - Slapshot by Melker Karlsson.
6:28 of 3rd period - Shot Blocked by Fredrik Claesson.
6:46 of 3rd period - Wrist shot by Jonathan Drouin.
6:46 of 3rd period - Stopped by Louis Domingue without a rebound.
6:47 of 3rd period - Josh Jooris wins face-off versus Radek Faksa in Punishers zone.
7:12 of 3rd period - Iven Barbashev is hit by Ben Betker.
7:16 of 3rd period - Snap shot by Mattias Tedenby.
7:16 of 3rd period - Stopped by Connor Hellebyuk with a rebound.
8:26 of 3rd period - Wrist shot by Josh Jooris.
8:26 of 3rd period - Shot Misses the Net.
8:57 of 3rd period - Slapshot by Ben Betker.
8:57 of 3rd period - Stopped by Connor Hellebyuk without a rebound.
8:58 of 3rd period - Radek Faksa wins face-off versus Craig Smith in Mustangs zone.
9:36 of 3rd period - Minor Penalty to Mattias Tedenby for Interference.
9:37 of 3rd period - Melker Karlsson wins face-off versus Miikka Salomaki in Punishers zone.
9:41 of 3rd period - Snap shot by Craig Smith.
9:41 of 3rd period - Deflect By Jonathan Drouin.
9:41 of 3rd period - Stopped by Louis Domingue without a rebound.
9:42 of 3rd period - Jonathan Drouin wins face-off versus Miikka Salomaki in Punishers zone.
9:57 of 3rd period - Snap shot by Craig Smith.
9:57 of 3rd period - Stopped by Louis Domingue without a rebound.
9:58 of 3rd period - Miikka Salomaki wins face-off versus Melker Karlsson in Punishers zone.
10:08 of 3rd period - Off-side.
10:09 of 3rd period - Melker Karlsson wins face-off versus Miikka Salomaki in neutral zone.
10:12 of 3rd period - Snap shot by Will Butcher.
10:12 of 3rd period - Deflect By Jonathan Drouin.
10:12 of 3rd period - Shot Misses the Net.
10:12 of 3rd period - Puck is out of play.
10:13 of 3rd period - Melker Karlsson wins face-off versus Miikka Salomaki in Punishers zone.
10:20 of 3rd period - Slapshot by Will Butcher.
10:20 of 3rd period - Shot Blocked by Miikka Salomaki.
10:38 of 3rd period - Snap shot by Will Butcher.
10:38 of 3rd period - Shot Blocked by Adam Pelech.
11:07 of 3rd period - Icing by Kurt Sauer.
11:08 of 3rd period - Jonathan Drouin wins face-off versus Miikka Salomaki in Mustangs zone.
11:25 of 3rd period - Slapshot by Andrew O'Brien.
11:25 of 3rd period - Stopped by Louis Domingue with a rebound.
11:27 of 3rd period - Snap shot by Chrstian Dvorak.
11:27 of 3rd period - Stopped by Louis Domingue with a rebound.
11:29 of 3rd period - Snap shot by Henrik Samuelsson.
11:29 of 3rd period - Stopped by Louis Domingue without a rebound.
11:30 of 3rd period - Melker Karlsson wins face-off versus Miikka Salomaki in Punishers zone.
11:33 of 3rd period - Slapshot by Jonathan Drouin.
11:33 of 3rd period - Shot Misses the Net.
11:35 of 3rd period - Snap shot by Melker Karlsson.
11:35 of 3rd period - Stopped by Louis Domingue without a rebound.
11:36 of 3rd period - Penalty to Mattias Tedenby is over, Mattias Tedenby is back on ice.
11:36 of 3rd period - Melker Karlsson wins face-off versus Elias Lindholm in Punishers zone.
11:58 of 3rd period - Fredrik Claesson is hit by Scott Mayfield and loses puck.
12:42 of 3rd period - Snap shot by Craig Smith.
12:42 of 3rd period - Stopped by Louis Domingue with a rebound.
12:44 of 3rd period - Wrist shot by Melker Karlsson.
12:44 of 3rd period - Stopped by Louis Domingue without a rebound.
12:45 of 3rd period - Henrik Samuelsson wins face-off versus Radek Faksa in Punishers zone.
12:48 of 3rd period - Wrist shot by Josh Jooris.
12:48 of 3rd period - Shot Misses the Net.
12:50 of 3rd period - Snap shot by Josh Jooris.
12:50 of 3rd period - Stopped by Louis Domingue without a rebound.
12:51 of 3rd period - Henrik Samuelsson wins face-off versus Radek Faksa in Punishers zone.
13:04 of 3rd period - Wrist shot by Henrik Samuelsson.
13:04 of 3rd period - Stopped by Louis Domingue without a rebound.
13:05 of 3rd period - Henrik Samuelsson wins face-off versus Radek Faksa in Punishers zone.
13:30 of 3rd period - Nick Schmaltz is hit by Brett Kulak and loses puck.
13:35 of 3rd period - Wrist shot by Carter Ashton.
13:35 of 3rd period - Shot Misses the Net.
13:51 of 3rd period - Snap shot by Anton Blidh.
13:51 of 3rd period - Stopped by Connor Hellebyuk without a rebound.
13:52 of 3rd period - Antti Suomela wins face-off versus Daniel Audette in Mustangs zone.
14:19 of 3rd period - Andreas Athanasiou is hit by Scott Mayfield and loses puck.
15:00 of 3rd period - Carter Ashton is hit by Henrik Samuelsson and loses puck.
15:25 of 3rd period - Snap shot by Curtis Hamilton.
15:25 of 3rd period - Stopped by Louis Domingue without a rebound.
15:26 of 3rd period - Mark Stone wins face-off versus Radek Faksa in Punishers zone.
15:29 of 3rd period - Slapshot by Will Butcher.
15:29 of 3rd period - Stopped by Louis Domingue with a rebound.
15:31 of 3rd period - Slapshot by Will Butcher.
15:31 of 3rd period - Shot Misses the Net.
15:33 of 3rd period - Slapshot by Will Butcher.
15:33 of 3rd period - Shot Misses the Net.
15:35 of 3rd period - Snap shot by Jonathan Drouin.
15:35 of 3rd period - Shot Misses the Net.
15:52 of 3rd period - Minor Penalty to Niko Mikkola for Holding.
15:53 of 3rd period - Melker Karlsson wins face-off versus Miikka Salomaki in Punishers zone.
17:52 of 3rd period - Penalty to Niko Mikkola is over, Niko Mikkola is back on ice.
17:57 of 3rd period - Minor Penalty to Andrew O'Brien for Holding.
17:58 of 3rd period - Craig Smith wins face-off versus Elias Lindholm in Mustangs zone.
18:35 of 3rd period - Slapshot by Miikka Salomaki.
18:35 of 3rd period - Stopped by Connor Hellebyuk with a rebound.
18:37 of 3rd period - Snap shot by Andreas Athanasiou.
18:37 of 3rd period - Shot Misses the Net.
19:25 of 3rd period - Tyler Bertuzzi is hit by Craig Smith and loses puck.
19:50 of 3rd period - Ben Betker is hit by Will Butcher and loses puck.
19:57 of 3rd period - Penalty to Andrew O'Brien is over, Andrew O'Brien is back on ice.
Goals for this period are 2 for Punishers vs 0 for Mustangs.
Shots for this period are 11 for Punishers vs 17 for Mustangs.